 Dungeon Crawl Stone Soup version 0.29-a0-233-g1125b37a9b (webtiles) character file.

Game seed: 12749555649907021476

39 brightshaft the Shooter (level 3, -3/31 HPs)
             Began as a Minotaur Hunter on Mar 1, 2022.
             Slain by Eustachio
             ... wielding a +4 falchion of protection
              (7 damage)
             ... on level 4 of the Dungeon.
             The game lasted 00:02:35 (709 turns).

brightshaft the Shooter (Minotaur Hunter)            Turns: 709, Time: 00:02:35

Health: -3/31      AC:  5    Str: 18    XL:     3   Next: 26%
Magic:  2/2        EV: 11    Int:  8    God:
Gold:   47         SH:  0    Dex: 10    Spells: 2/2 levels left

rFire   . . .      SeeInvis .   a - +1 shortbow
rCold   . . .      Faith    .   (shield currently unavailable)
rNeg    . . .      Spirit   .   c - +0 ring mail
rPois   .          Reflect  .   (helmet restricted)
rElec   .          Harm     .   (no cloak)
rCorr   .          Rampage  .   (no gloves)
Will    .....                   (no boots)
Stlth   +.........              d - amulet of regeneration
HPRegen 0.90/turn               (no ring)
MPRegen 0.08/turn               (no ring)

@: no status effects
A: horns 2, retaliatory headbutt
a: no special abilities


You were on level 4 of the Dungeon.
You visited 1 branch of the dungeon, and saw 3 of its levels.

You collected 47 gold pieces.

Inventory:

Hand Weapons
 a - a +1 shortbow (weapon)
Missiles
 l - a throwing net
Armour
 b - a +0 leather armour
 c - a +0 ring mail (worn)
Jewellery
 d - an amulet of regeneration (around neck)
Scrolls
 e - a scroll of amnesia {unknown}
 g - 2 scrolls of identify {unknown}
 i - a scroll of fog {unknown}
 k - a scroll of torment {unknown}
Potions
 f - a potion of heal wounds {unknown}
 h - a potion of cancellation {unknown}
 j - a potion of curing {unknown}


   Skills:
 + Level 3.0 Fighting
 * Level 4.9 Bows
 + Level 1.2 Armour
 + Level 2.6 Dodging
 - Level 0.9 Stealth


You had 2 spell levels left.
You didn't know any spells.
Your spell library was empty.

Dungeon Overview and Level Annotations

Branches:
Dungeon (2/15)

Altars:

Shops:
D:4 !

Annotations:
D:4 Eustachio


Innate Abilities, Weirdness & Mutations

You have a pair of horns on your head.
You reflexively headbutt those who attack you in melee.


Message History

Shoot: a) +1 shortbow
Press: ? - help, Q - select action, (/) - cycle Shift-Dir - straight line, f/p - Eustachio
Aim: Eustachio, wielding a +4 falchion of protection and wearing a +2 leather armour of fire resistance (severely wounded, 50% to hit)
You shoot an arrow. The arrow misses Eustachio.
The arrow barely misses the quokka.
The rat bites you.
* * * LOW HITPOINT WARNING * * *
Eustachio gestures wildly while chanting.
Shoot: a) +1 shortbow
Press: ? - help, Q - select action, (/) - cycle Shift-Dir - straight line, f/p - Eustachio
Aim: Eustachio, wielding a +4 falchion of protection and wearing a +2 leather armour of fire resistance (severely wounded, 50% to hit)
You shoot an arrow. The arrow hits Eustachio.
Eustachio is severely wounded.
The rat bites you but does no damage.
Eustachio hits you with a +4 falchion of protection!
* * * LOW HITPOINT WARNING * * *
The rat closely misses you. You furiously retaliate!
You headbutt the rat.
You kill the rat!
The rat's corpse disappears in a puff of smoke!
Shoot: a) +1 shortbow
Press: ? - help, Q - select action, (/) - cycle Shift-Dir - straight line, f/p - Eustachio
Aim: Eustachio, wielding a +4 falchion of protection and wearing a +2 leather armour of fire resistance (severely wounded, 50% to hit)
You shoot an arrow. The arrow hits Eustachio.
Eustachio is severely wounded.
The rat closely misses you.
Eustachio gestures wildly while chanting.
Eustachio blinks!
The rat barely misses you. You furiously retaliate!
You headbutt the rat.
Eustachio asks, "How can you live without manners, virtues and honour?"
Eustachio closely misses you. You furiously retaliate!
You headbutt Eustachio, but do no damage.
Shoot: a) +1 shortbow
Press: ? - help, Q - select action, (/) - cycle Shift-Dir - straight line, f/p - Eustachio
Aim: Eustachio, wielding a +4 falchion of protection and wearing a +2 leather armour of fire resistance (severely wounded, 50% to hit)
You shoot an arrow. The arrow closely misses Eustachio.
The quokka bites you but does no damage.
The quokka closely misses you. You furiously retaliate!
You headbutt the quokka.
Eustachio hits you with a +4 falchion of protection!
You die...

.# .# ..# .[#
###..####
####........
#..@.r..##
###.##@# .
....#r# >#
#..#.# .#
#######..#.#..#
.....#....#..#
...........#
#.###.#.#..#..#
...........#..#
#.#.###.#.##.#
.#


You could see Eustachio, a quokka (summoned) and a rat (summoned).

Vanquished Creatures
  An ufetubus (D:4)
  A worm (D:2)
  A dart slug (D:1)
  2 bats (D:1)
  An endoplasm (D:1)
  2 goblins
  2 hobgoblins (D:1)
  6 kobolds (D:1)
  2 quokkas
  4 ball pythons (D:1)
  4 frilled lizards (D:1)
  2 rats (D:1)
28 creatures vanquished.

Notes
Turn   | Place    | Note
-------+----------+-------------------------------------------
     0 | D:1      | brightshaft the Minotaur Hunter began the quest for the
                  | Orb.
     0 | D:1      | Reached XP level 1. HP: 18/18 MP: 0/0
   123 | D:1      | Reached XP level 2. HP: 25/25 MP: 1/1
   339 | D:1      | Found a faded altar of an unknown god.
   428 | D:1      | Reached skill level 1 in Armour
   560 | D:2      | Reached XP level 3. HP: 30/30 MP: 2/2
   599 | D:2      | You fall into a shaft and drop 2 floors!
   622 | D:4      | Found Doitueg's Distillery.
   662 | D:4      | Noticed Eustachio
   707 | D:4      | HP: 1/31 [Eustachio/+4 falchion of protection (8)]
   709 | D:4      | Slain by Eustachio

Illustrated notes

Levels and vault maps discovered:
D:1:      dpeg_arrival_lava_temple_mockup, layout_rooms,
          chequers_ecumenical_altar_island, minmay_misc_feat_tower
D:2:      layout_loops_ring
D:4:      layout_basic, lemuel_round_altar, minmay_temple_entry_trees,
          serial_shops, nicolae_shop_statue_plus, shop, nicolae_take_the_stairs,
          nicolae_diamond_shop, uniq_eustachio

Skill      XL: |  1  2  3 |
---------------+----------+-----
Armour         | 1 |  1.2
Fighting       | 3 |  3.0
Bows           | |  4.9
Dodging        | |  2.6
Stealth        | |  0.9

Action                   || total
-------------------------++-------
 Fire: Shortbow          ||    99
Armor: Leather armour    ||     1
       Ring mail         ||    12
Dodge: Dodged            ||    37

Table legend: (Time is in decaauts)
 A = Elapsed time spent in this place.
 B = Non-inter-level travel time spent in this place.
 C = Inter-level travel time spent in this place.
 D = Time resting spent in this place.
 E = Time spent auto-exploring this place.
 F = Levels seen in this place.
 G = Mean time per level.
                   A        B        C        D        E       F      G
               +--------+--------+--------+--------+--------+-----+--------+
         Total |    741 |    730 |     11 |      0 |    518 |   3 |  247.0 |
       Dungeon |    741 |    730 |     11 |      0 |    518 |   3 |  247.0 |
               +--------+--------+--------+--------+--------+-----+--------+

Top non-repeatable levels by time:
     D:1: 567 daAuts
     D:4: 127 daAuts
     D:2: 46 daAuts
